 Dungeon Crawl Stone Soup version 0.30.1-9-gdf580d7c3d (webtiles) character file.

Game seed: 4156933651964428738

38 Lobotomite the Sneak (level 3, -2/28 HPs)
             Began as a Meteoran Wanderer on Oct 1, 2023.
             Was an Initiate of Okawaru.
             Slain by a cerulean imp
             ... wielding a +2 spear
             ... summoned by Natasha
              (5 damage)
             ... on level 2 of the Dungeon.
             The game lasted 00:10:27 (992 turns).

Lobotomite the Sneak (Meteoran Wanderer)             Turns: 992, Time: 00:10:30

Health: -2/28      AC:  2    Str: 13    XL:     3   Next: 91%
Magic:  4/4        EV: 12    Int: 13    God:    Okawaru [......]
Gold:   59         SH:  0    Dex: 16    Spells: 2/2 levels left

rFire   + . .        c - +0 spear
rCold   x . .        (no shield)
rNeg    . . .        f - +0 robe
rPois   .            (no helmet)
rElec   .            (no cloak)
rCorr   .            (no gloves)
SInv    .            (no boots)
Will    .....        (no amulet)
Stlth   +            l - ring of fire
HPRegen 0.24/turn    (no ring)
MPRegen 0.09/turn

%: no passive effects
@: slowed, glowing, very slow
A: sense surroundings 1, otherworldly, glowing, explore regen
a: Renounce Religion


You were on level 2 of the Dungeon.
You worshipped Okawaru.
Okawaru was noncommittal.
You visited 1 branch of the dungeon, and saw 2 of its levels.

You collected 59 gold pieces.

Inventory:

Hand Weapons
 a - a +2 dagger
 c - a +0 spear (weapon)
 n - a +1 dagger of venom
Armour
 f - a +0 robe (worn)
Jewellery
 l - a ring of fire (left hand)
Scrolls
 b - 3 scrolls of teleportation {unknown}
 d - a scroll of silence
 e - a scroll of fog
 g - a scroll of poison {unknown}
 i - 5 scrolls of identify {unknown}
 o - a scroll of magic mapping {unknown}
Potions
 h - a potion of lignification {unknown}
 j - a potion of heal wounds {unknown}
 k - 2 potions of haste {unknown}
 m - a potion of curing {unknown}
 p - a potion of mutation {unknown}


   Skills:
 + Level 1.6 Fighting
 + Level 1.8 Polearms
 + Level 1.8 Armour
 - Level 2.4 Dodging
 + Level 4.2 Stealth


You had 2 spell levels left.
You didn't know any spells.
Your spell library was empty.

Dungeon Overview and Level Annotations

Branches:
Dungeon (2/15) Zot: 187

Altars:
Okawaru

Shops:
D:1 [(

Annotations:
D:2 Natasha


Innate Abilities, Weirdness & Mutations

You passively map a small area around you.
You are easily found by Zot.
You glow in the dark.
You regain HP and MP as you explore.


Message History

You open the door.
There is an open door here.
A frilled lizard comes into view.
Found 3 stones.
Found a scroll labelled XUGGIETHAE.
Found a stone staircase leading up.
Reach: c) +0 spear
Press: ? - help, Dir - move target, f - frilled lizard
Aim: a frilled lizard (wandering, hasn't noticed you, about 56% to evade your +0 spear)
You reach to attack!
You barely miss the frilled lizard.
The frilled lizard hisses angrily.
You hit the frilled lizard.
You kill the frilled lizard!
Natasha, Servant of Life and Death comes into view.
Natasha hisses angrily.
You see here a scroll labelled XUGGIETHAE.
Natasha stares at you and mumbles some strange words.
You feel yourself slow down.
Natasha stares at you and mumbles some strange words.
You feel as though you will be slow longer.
Natasha wildly gestures.
You feel troubled.
Natasha mumbles some strange words.
There is an open door here.
You closely miss Natasha.
The cerulean imp hits you from afar with a +2 spear.
Natasha claws you but does no damage. The cerulean imp closely misses you.
You miss Natasha.
Natasha mumbles some strange words.
The cerulean imp hits you from afar with a +2 spear.
Natasha claws you.
You barely miss Natasha.
The cerulean imp hits you from afar with a +2 spear.
Natasha closely misses you. The cerulean imp barely misses you.
You miss Natasha. Natasha closely misses you.
The cerulean imp barely misses you.
The cerulean imp hits you from afar with a +2 spear.
Natasha claws you!
* * * LOW HITPOINT WARNING * * *
The cerulean imp hits you from afar with a +2 spear.
You die...

, , ..( #.#..#.##.#.#..... ,,,
.. #.#..#.##.#.#..... , ,,
..####.#..#.##.#.#.....
...........#.##.#.#..... ,
...#######........#.#### , ,
#.#..#.###.#... * * ##.#..#.#
#.#### * *
#########.....#.###.# ## , ,
,.......@h5..........###.
##############5....#.##...#..
,...........h5.5..).#.###...>#
........######.....#.# ######
..(................#.#
.......?######.###.#.#
........# ** #.# #.#.# *
.......<., ,,..# #.#.#
,.......h## #### .#.#


You could see Natasha and 2 cerulean imps.

Vanquished Creatures
  A worm (D:2)
  A dart slug (D:2)
  2 bats
  2 endoplasms (D:1)
  2 giant cockroaches (D:1)
  5 goblins
  4 hobgoblins
  3 quokkas
  4 ball pythons
  2 frilled lizards (D:2)
  3 kobolds
  A rat (D:1)
30 creatures vanquished.

Notes
Turn   | Place    | Note
-------+----------+-------------------------------------------
     0 | D:1      | Lobotomite the Meteoran Wanderer began the quest for the
                  | Orb.
     0 | D:1      | Lobotomite set off with the following items: a +2 dagger, a
                  | potion of berserk rage, a +0 spear, a scroll of silence, a
                  | scroll of fog, a +0 robe.
     0 | D:1      | Reached XP level 1. HP: 16/16 MP: 2/2
     8 | D:1      | Found Ylurhoc's Armour Shoppe.
    44 | D:1      | Reached skill level 4 in Stealth
    44 | D:1      | Reached XP level 2. HP: 21/23 MP: 3/3
    90 | D:1      | Found Jehub's Weapon Shoppe.
   410 | D:1      | Reached XP level 3. HP: 27/28 MP: 4/4
   488 | D:1      | Glimpsed the power of Zot.
   538 | D:1      | Glimpsed the power of Zot.
   569 | D:2      | Found an iron altar of Okawaru.
   580 | D:2      | Became a worshipper of Warmaster Okawaru
   976 | D:2      | Noticed Natasha
   992 | D:2      | Slain by a cerulean imp

Illustrated notes

Levels and vault maps discovered:
D:1:      minmay_arrival_plants_in_alcoves, layout_basic, serial_shops, shop,
          shop
D:2:      layout_basic, basic_altar, uniq_natasha, uniq_jessica

Skill      XL: |  1 |
---------------+----+-----
Stealth        | 4 |  4.2
Fighting       | |  1.6
Polearms       | |  1.8
Armour         | |  1.8
Dodging        | |  2.4

Action                     || total
---------------------------++-------
  Melee: Spear             ||    96
         Punch             ||     1
    Use: Potion            ||     1
   Stab: Sleeping          ||     2
 Armour: Robe              ||    14
  Dodge: Dodged            ||    36
